 Dungeon Crawl Stone Soup version 0.21-a0-153-g78480df (webtiles) character file.

12082 thefaint94 the Cleaver (level 11, 62/97 HPs)
             Began as a Deep Dwarf Fighter on Aug 1, 2017.
             Was a Believer of Makhleb.
             Quit the game on level 11 of the Dungeon.
             The game lasted 00:22:27 (9456 turns).

thefaint94 the Cleaver (Deep Dwarf Fighter)         Turns: 9456, Time: 00:22:27

Health: 62/97      AC: 18    Str: 30 (31) XL:     11   Next: 57%
Magic:  3/3        EV:  3    Int:  5 (8)  God:    Makhleb [**....]
Gold:   385        SH: 13    Dex: 11 (12) Spells: 10/10 levels left

rFire    . . .     SeeInvis .   Y - +0 war axe
rCold    + . .     Gourm    .   g - +0 large shield
rNeg     . . .     Faith    .   E - +2 plate armour {rC+}
rPois    .         Spirit   .   z - +2 helmet
rElec    .         Reflect  .   (no cloak)
rCorr    +         Harm     .   i - +2 pair of gloves of Haeconai {Regen+ rCorr}
MR       ++...                  (no boots)
Stlth    ..........             (no amulet)
HPRegen  0.00/turn              b - +5 ring of strength
MPRegen  0.08/turn              (no ring)

@: non-regenerating, extremely drained
A: damage resistance, heal wounds, magic resistance 1, sense surroundings 2,
strong 1, sturdy frame 1, no regeneration
a: Heal Wounds, Minor Destruction, Renounce Religion


You were on level 11 of the Dungeon.
You worshipped Makhleb.
Makhleb was pleased with you.
You were hungry.

You visited 2 branches of the dungeon, and saw 12 of its levels.

You collected 697 gold pieces.
You spent 312 gold pieces at shops.


Innate Abilities, Weirdness & Mutations

You are resistant to damage.
You can heal yourself by infusing magical energy.
You passively map the area around you.
You do not regenerate.
You are resistant to hostile enchantments. (MR+)
Your muscles are strong. (Str +2)
Your movements are slightly less encumbered by armour. (ER -2)


   Skills:
 - Level 6.0(0.0) Fighting
 - Level 13.5(0.0) Axes
 - Level 7.1(0.0) Armour
 - Level 4.0(0.0) Dodging
 + Level 8.9(0.0) Shields
 + Level 9.0(0.0) Invocations


You had 10 spell levels left.
You didn't know any spells.

Inventory:

Hand Weapons
 D - a +0 flail of protection
 Y - a +0 war axe (weapon)
Missiles
 n - 16 tomahawks (quivered)
 y - 2 exploding tomahawks
Armour
 g - a +0 large shield (worn)
 i - the +2 pair of gloves of Haeconai (worn) {Regen+ rCorr}
   (You found it on level 5 of the Dungeon)

   It increases your rate of regeneration.
   It protects you from acid and corrosion.
 z - a +2 helmet (worn)
 E - a +2 plate armour of cold resistance (worn)
Jewellery
 b - a +5 ring of strength (left hand)
 j - an uncursed ring of fire
 s - an uncursed ring of resist corrosion
 u - an uncursed ring of fire
Wands
 t - a wand of clouds (4/9)
Scrolls
 l - 6 scrolls of teleportation
 o - 3 scrolls of remove curse
 q - 2 scrolls of identify
 v - a scroll of recharging
Potions
 a - a potion of magic {unknown}
 c - a potion of mutation
 d - 3 potions of might
 p - a potion of resistance
 w - a potion of curing
 x - 3 potions of heal wounds
 A - a potion of lignification {unknown}
 C - a potion of berserk rage {unknown}
Comestibles
 e - 10 royal jellies
 f - 7 bread rations
 k - 7 meat rations
 m - 9 fruits

Dungeon Overview and Level Annotations

Branches:
Dungeon (11/15)            Temple (1/1) D:7            Lair (0/6) D:10
    Orc: D:9-12

Altars:
Ashenzari
Cheibriados
Dithmenos
Elyvilon
Fedhas
Gozag
Hepliaklqana
Kikubaaqudgha
Makhleb
Nemelex Xobeh
Okawaru
Qazlal
Ru
Sif Muna
Trog
Uskayaw
Vehumet
Wu Jian
Xom
Yredelemnul
Zin
The Shining One

Shops:
D:6 *   D:10 [

Annotations:
D:8 4 runed doors
D:11 Sonja


Message History

You feel drained. You block Sonja's attack. Sonja barely misses you.
Sonja hits you but does no damage.
You feel drained. You block Sonja's attack. x2
Sonja hits you but does no damage.
You feel drained. Sonja hits you but does no damage.
You feel drained. Sonja barely misses you.
You completely miss Sonja. Sonja barely misses you. You block Sonja's attack.
Sonja hits you but does no damage.
You feel drained. Sonja hits you but does no damage.
You feel drained. Sonja hits you but does no damage.
You feel drained.
Sonja hits you with an uncursed short sword of draining.
You feel drained.
You completely miss Sonja.
You block Sonja's attack. x2; Sonja hits you but does no damage.
You feel drained.
Sonja plants her feet in a plie.
You block Sonja's attack. Sonja hits you but does no damage.
You feel drained. Sonja hits you but does no damage.
You feel drained.
Sonja mumbles some strange words.
Sonja blinks!
Are you sure you want to abandon this character and quit the game? (Confirm with "yes".)

, ..............., , , ,
.?.............., * * .# *
#.....K........ .###
######.............. ** *
..., ....................
,, , .# * #................
, .########................
, ,,
.......>................. ,
,
...............ยค@........
, ,
......................###**
* * ......................#
......................#
......................#
......................#* *
* *
...........(............ ,,
............(...########
...##########(..# ** **


You could see Sonja.

Vanquished Creatures
  Gastronok (D:9)
  Fannar (D:10)
  The ghost of Zigma the Grappler, a journeyman DrMo of Makhleb (D:10)
  3 two-headed ogres
  An unseen horror (D:10)
  Psyche (D:9)
  A komodo dragon (D:10)
  Sigmund (D:5)
  A human (D:7)
  A wyvern (D:6)
  A yak (D:7)
  3 hogs (D:7)
  Grum (D:9)
  A water moccasin (D:9)
  3 orc warriors
  5 ice beasts
  2 phantoms
  The ghost of Zigma the Ruffian, an amateur DrMo (D:3)
  A sky beast (D:5)
  5 ogres
  4 wolves (D:9)
  4 centaurs
  2 big kobolds
  Blork the orc (D:5)
  6 bullfrogs
  3 scorpions
  2 wights (D:6)
  5 killer bees (D:9)
  A bullfrog zombie (D:7)
  A crimson imp (D:6)
  3 hounds
  4 orc priests
  2 jellies
  2 bullfrog skeletons (D:5)
  3 centaur skeletons
  12 orc wizards
  Ijyb (D:4)
  Terence (D:3)
  7 iguanas
  5 worker ants
  2 hound zombies
  A hound skeleton (D:9)
  A howler monkey zombie (D:6)
  A worker ant zombie (D:5)
  4 gnolls (D:8)
  12 adders
  2 shadow imps
  2 oozes
  3 adder skeletons
  A worm (D:8)
  3 dart slugs
  3 leopard geckos
  41 orcs
  4 giant cockroaches
  10 hobgoblins
  19 jackals
  A quokka (D:10)
  2 ball pythons
  6 bats
  5 frilled lizards
  A giant cockroach zombie (D:5)
  14 goblins
  11 kobolds
  A quokka skeleton (D:6)
  6 rats
  A spectral orc (D:2)
  9 plants (D:10)
270 creatures vanquished.

Vanquished Creatures (others)
  An adder (D:6)
  2 plants (D:10)
3 creatures vanquished.

Grand Total: 273 creatures vanquished

Notes
Turn   | Place    | Note
-------+----------+-------------------------------------------
     0 | D:1      | thefaint94 the Deep Dwarf Fighter began the quest for the Orb.
     0 | D:1      | Reached XP level 1. HP: 20/20 MP: 1/1
     0 | D:1      | 0 ||| counter = 6
    48 | D:1      | Reached skill level 3 in Axes
    48 | D:1      | Reached XP level 2. HP: 24/27 MP: 2/2
   135 | D:1      | 135 ||| DROPPING club.
   159 | D:1      | Reached skill level 1 in Dodging
   421 | D:1      | Reached XP level 3. HP: 28/33 MP: 3/3
   688 | D:1      | 688 ||| READING scroll labeled VIROUPHAEGH.
   719 | D:2      | Found a glowing golden altar of the Shining One.
   835 | D:2      | Found a shimmering altar of Xom.
   835 | D:2      | Found a deep blue altar of Sif Muna.
   945 | D:2      | Reached skill level 4 in Axes
  1201 | D:2      | Found a glowing silver altar of Zin.
  1399 | D:2      | Reached XP level 4. HP: 33/40 MP: 4/4
  1427 | D:2      | Found a basalt altar of Yredelemnul.
  1499 | D:2      | 1499 ||| UPGRADING to chain mail.
  1509 | D:2      | 1509 ||| DROPPING +0 scale mail.
  1510 | D:2      | 1510 ||| UPGRADING to shiny ring mail.
  1520 | D:2      | 1520 ||| READING scroll labeled KYJILO ZUFAA.
  1521 | D:2      | 1521 ||| READING scroll labeled WIPSOW LIGI.
  1522 | D:2      | 1522 ||| READING scroll labeled FUNAODOETAN.
  1684 | D:3      | Noticed Zigma's ghost (amateur DrMo)
  1690 | D:3      | 1690 ||| INVOKING Heal Wounds.
  1699 | D:3      | 1699 ||| INVOKING Heal Wounds.
  1705 | D:3      | Killed Zigma's ghost
  1705 | D:3      | Reached skill level 6 in Axes
  1705 | D:3      | Reached XP level 5. HP: 32/46 MP: 5/5
  2080 | D:3      | Noticed Terence
  2097 | D:3      | Killed Terence
  2401 | D:3      | 2401 ||| READING 2 scrolls labeled JIRAMU UKLEN.
  2402 | D:3      | 2402 ||| READING scroll labeled JOTAPT FENUED.
  2403 | D:3      | 2403 ||| READING scroll labeled YDWYAN ZOXEDU.
  2404 | D:3      | 2404 ||| READING scroll labeled IZIELI VUUJEFEDA.
  2405 | D:3      | 2405 ||| UPGRADING to shiny scale mail.
  2415 | D:3      | 2415 ||| DROPPING +0 ring mail.
  2416 | D:3      | 2416 ||| DRINKING 2 bubbling golden potions.
  2416 | D:3      | Gained mutation: Your magical capacity is low. (-10% MP) [potion of mutation]
  2416 | D:3      | Gained mutation: Scrolls take you a little longer to read. [potion of mutation]
  2416 | D:3      | Gained mutation: Your movements are slightly less encumbered by armour. (ER -2) [potion of mutation]
  2417 | D:3      | 2417 ||| DRINKING potion of mutation.
  2417 | D:3      | Lost mutation: Scrolls take you a little longer to read. [potion of mutation]
  2417 | D:3      | Lost mutation: Your magical capacity is low. (-10% MP) [potion of mutation]
  2417 | D:3      | Gained mutation: Your mind is acute. (Int +2) [potion of mutation]
  2417 | D:3      | Gained mutation: You are resistant to hostile enchantments. (MR+) [potion of mutation]
  2417 | D:3      | Lost mutation: Your mind is acute. (Int +2) [potion of mutation]
  2417 | D:3      | Gained mutation: Your muscles are strong. (Str +2) [potion of mutation]
  2418 | D:3      | 2418 ||| READING 2 scrolls of identify.
  2418 | D:3      | 2418 ||| IDENTIFYING emerald ring
  2419 | D:3      | 2419 ||| DROPPING scroll of magic mapping.
  2548 | D:4      | Noticed an ice beast
  2556 | D:4      | 2556 ||| INVOKING Heal Wounds.
  2558 | D:4      | Killed an ice beast
  2558 | D:4      | Reached skill level 7 in Axes
  2558 | D:4      | Reached XP level 6. HP: 41/55 MP: 6/6
  2611 | D:4      | Found an ancient bone altar of Kikubaaqudgha.
  2664 | D:4      | 2664 ||| DROPPING mace.
  2695 | D:4      | Found an ornate altar of the Wu Jian Council.
  2837 | D:4      | Noticed Ijyb
  2849 | D:4      | Killed Ijyb
  3029 | D:4      | Reached XP level 7. HP: 39/61 MP: 7/7
  3115 | D:4      | 3115 ||| READING scroll labeled YMEBOUFE HUIZU.
  3116 | D:4      | 3116 ||| DRINKING 2 green potions.
  3117 | D:4      | 3117 ||| READING 2 scrolls of identify.
  3117 | D:4      | 3117 ||| IDENTIFYING lumpy brown potion
  3118 | D:4      | 3118 ||| DROPPING potion of cancellation.
  3122 | D:5      | Entered Level 5 of the Dungeon
  3165 | D:5      | 3165 ||| SWAPPING to runed war axe.
  3196 | D:5      | Noticed Sigmund
  3209 | D:5      | 3209 ||| INVOKING Heal Wounds.
  3212 | D:5      | Reached skill level 8 in Axes
  3217 | D:5      | 3217 ||| INVOKING Heal Wounds.
  3218 | D:5      | 3218 ||| INVOKING Heal Wounds.
  3240 | D:5      | 3240 ||| INVOKING Heal Wounds.
  3251 | D:5      | 3251 ||| INVOKING Heal Wounds.
  3258 | D:5      | Killed Sigmund
  3277 | D:5      | Reached skill level 3 in Fighting
  3289 | D:5      | Got a pair of slimy gloves
  3354 | D:5      | 3354 ||| READING scroll of remove curse.
  3355 | D:5      | 3355 ||| SWAPPING to +0 war axe.
  3356 | D:5      | 3356 ||| DROPPING -1 war axe.
  3558 | D:5      | Reached XP level 8. HP: 43/69 MP: 6/6
  3670 | D:5      | Noticed Blork the orc
  3675 | D:5      | Killed Blork the orc
  3675 | D:5      | Reached skill level 9 in Axes
  3731 | D:5      | 3731 ||| UPGRADING to pair of slimy gloves.
  3736 | D:5      | Identified the +2 pair of gloves of Haeconai {Regen+ rCorr} (You found it on level 5 of the Dungeon)
  3736 | D:5      | 3736 ||| READING 2 scrolls of identify.
  3736 | D:5      | 3736 ||| IDENTIFYING blackened jasper amulet
  3737 | D:5      | 3737 ||| DROPPING amulet of rage.
  3802 | D:6      | 3802 ||| INVOKING Heal Wounds.
  3814 | D:6      | 3814 ||| INVOKING Heal Wounds.
  3914 | D:6      | 3914 ||| INVOKING Heal Wounds.
  3934 | D:6      | 3934 ||| UPGRADING to flail.
  3935 | D:6      | 3935 ||| SWAPPING to +0 war axe.
  3942 | D:6      | Reached skill level 10 in Axes
  3959 | D:6      | Reached skill level 3 in Dodging
  3960 | D:6      | HP: 14/69 [ogre/giant club (22)]
  3961 | D:6      | 3961 ||| READING 3 scrolls of teleportation.
  3961 | D:6      | HP: 4/69 [ogre/giant club (10)]
  3964 | D:6      | 3964 ||| INVOKING Heal Wounds.
  3965 | D:6      | 3965 ||| INVOKING Heal Wounds.
  3969 | D:6      | Found Nuten's General Store.
  3979 | D:6      | Bought a potion of heal wounds for 70 gold pieces
  3979 | D:6      | Bought a scroll of recharging for 133 gold pieces
  3979 | D:6      | Bought a potion of curing for 42 gold pieces
  4104 | D:6      | 4104 ||| INVOKING Heal Wounds.
  4107 | D:6      | Reached skill level 6 in Shields
  4561 | D:6      | Gained mutation: You passively map the area around you. [Deep Dwarf growth]
  4561 | D:6      | Reached XP level 9. HP: 68/78 MP: 6/6
  4689 | D:6      | 4689 ||| UPGRADING to glowing helmet.
  4694 | D:6      | 4694 ||| READING 3 scrolls of identify.
  4694 | D:6      | 4694 ||| IDENTIFYING ring of fire
  4695 | D:6      | 4695 ||| READING 2 scrolls of identify.
  4695 | D:6      | 4695 ||| IDENTIFYING gilded ring
  4862 | D:7      | Reached skill level 11 in Axes
  4920 | D:7      | 4920 ||| INVOKING Heal Wounds.
  4935 | D:7      | 4935 ||| INVOKING Heal Wounds.
  5417 | D:7      | Found a staircase to the Ecumenical Temple.
  5437 | Temple   | Entered the Ecumenical Temple
  5438 | Temple   | 5438 ||| Entered T.
  5574 | Temple   | Became a worshipper of Makhleb the Destroyer
  5646 | Temple   | 5646 ||| EATING 10 royal jellies.
  5660 | Temple   | 5660 ||| READING scroll labeled KIYMUE UGHY.
  5661 | Temple   | 5661 ||| READING 3 scrolls of identify.
  5661 | Temple   | 5661 ||| IDENTIFYING lumpy cabochon amulet
  5662 | Temple   | 5662 ||| DROPPING cursed amulet of inaccuracy.
  5663 | Temple   | 5663 ||| READING 2 scrolls of identify.
  5663 | Temple   | 5663 ||| IDENTIFYING fizzy orange potion
  5664 | Temple   | 5664 ||| DROPPING potion of brilliance.
  5698 | D:7      | Found a stormy altar of Qazlal.
  5880 | D:7      | Reached skill level 1 in Invocations
  5881 | D:7      | 5881 ||| INVOKING Heal Wounds.
  5891 | D:7      | Reached skill level 12 in Axes
  5998 | D:7      | Found an iron altar of Okawaru.
  6375 | D:8      | 6375 ||| STAIRDANCE
  6388 | D:8      | 6388 ||| STAIRDANCE
  6523 | D:8      | Found a huge runed gate.
  6524 | D:8      | Found a huge runed gate.
  6525 | D:8      | Found a huge runed gate.
  6525 | D:8      | Noticed a manticore
  6526 | D:8      | Noticed a polar bear
  6526 | D:8      | Noticed a polar bear
  6528 | D:8      | Found a huge runed gate.
  6542 | D:8      | Reached skill level 3 in Invocations
  6748 | D:8      | Found a radiant altar of Vehumet.
  6831 | D:8      | Found a snail-covered altar of Cheibriados.
  7066 | D:8      | Reached XP level 10. HP: 56/88 MP: 6/8
  7067 | D:8      | 7067 ||| INVOKING Heal Wounds.
  7147 | D:8      | 7147 ||| READING scroll labeled UTOECK ADAVERR.
  7148 | D:8      | 7148 ||| READING scroll labeled LOBBYO HYTA.
  7149 | D:8      | 7149 ||| DRINKING 3 metallic grey potions.
  7150 | D:8      | 7150 ||| READING scroll of identify.
  7150 | D:8      | 7150 ||| IDENTIFYING tubular brass ring
  7151 | D:8      | 7151 ||| DROPPING ring of stealth.
  7152 | D:8      | 7152 ||| DROPPING 2 potions of flight.
  7167 | D:9      | 7167 ||| STAIRDANCE
  7172 | D:9      | 7172 ||| STAIRDANCE
  7174 | D:8      | Reached * piety under Makhleb
  7187 | D:9      | 7187 ||| STAIRDANCE
  7240 | D:9      | Found a hide-covered altar of Uskayaw.
  7291 | D:9      | Found a hazy altar of Hepliaklqana.
  7469 | D:9      | Noticed Grum
  7482 | D:9      | 7482 ||| INVOKING Heal Wounds.
  7486 | D:9      | 7486 ||| INVOKING Heal Wounds.
  7493 | D:9      | 7493 ||| INVOKING Heal Wounds.
  7509 | D:9      | Killed Grum
  7509 | D:9      | Reached skill level 6 in Fighting
  7510 | D:9      | 7510 ||| INVOKING Heal Wounds.
  7678 | D:9      | 7678 ||| INVOKING Heal Wounds.
  7684 | D:9      | 7684 ||| INVOKING Heal Wounds.
  7689 | D:9      | 7689 ||| INVOKING Heal Wounds.
  7690 | D:9      | 7690 ||| DRINKING 2 potions of curing.
  7690 | D:9      | 7690 ||| (to cure poison)
  7722 | D:9      | Noticed Gastronok
  7753 | D:9      | 7753 ||| INVOKING Heal Wounds.
  7755 | D:9      | 7755 ||| INVOKING Heal Wounds.
  7762 | D:9      | Killed Gastronok
  7762 | D:9      | Reached skill level 13 in Axes
  7800 | D:9      | Reached ** piety under Makhleb
  7810 | D:9      | 7810 ||| DROPPING +0 flail.
  7811 | D:9      | 7811 ||| UPGRADING to flail of protection.
  7812 | D:9      | 7812 ||| SWAPPING to +0 war axe.
  7969 | D:9      | 7969 ||| INVOKING Heal Wounds.
  8112 | D:9      | Noticed a two-headed ogre
  8126 | D:9      | 8126 ||| INVOKING Heal Wounds.
  8127 | D:9      | Killed a two-headed ogre
  8127 | D:9      | Reached XP level 11. HP: 67/97 MP: 5/5
  8183 | D:9      | Noticed Psyche
  8197 | D:9      | Killed Psyche
  8295 | D:9      | 8295 ||| DROPPING +0 chain mail.
  8296 | D:9      | 8296 ||| UPGRADING to plate armour.
  8306 | D:9      | 8306 ||| UPGRADING to runed hat.
  8316 | D:9      | 8316 ||| UPGRADING to +2 helmet.
  8326 | D:9      | 8326 ||| DROPPING +2 hat.
  8327 | D:9      | 8327 ||| UPGRADING to runed plate armour.
  8337 | D:9      | 8337 ||| DROPPING +2 scale mail of fire resistance.
  8338 | D:9      | 8338 ||| DROPPING +0 plate armour.
  8356 | D:10     | Entered Level 10 of the Dungeon
  8388 | D:10     | Noticed Zigma's ghost (journeyman DrMo)
  8419 | D:10     | 8419 ||| INVOKING Heal Wounds.
  8442 | D:10     | 8442 ||| INVOKING Heal Wounds.
  8455 | D:10     | 8455 ||| INVOKING Heal Wounds.
  8460 | D:10     | Killed Zigma's ghost
  8460 | D:10     | Reached skill level 6 in Invocations
  8461 | D:10     | 8461 ||| INVOKING Heal Wounds.
  8527 | D:10     | Killed an unseen horror
  8634 | D:10     | Noticed a two-headed ogre
  8645 | D:10     | 8645 ||| INVOKING Heal Wounds.
  8646 | D:10     | 8646 ||| INVOKING Heal Wounds.
  8647 | D:10     | 8647 ||| INVOKING Heal Wounds.
  8648 | D:10     | 8648 ||| INVOKING Heal Wounds.
  8650 | D:10     | 8650 ||| INVOKING Heal Wounds.
  8653 | D:10     | 8653 ||| INVOKING Heal Wounds.
  8660 | D:10     | Killed a two-headed ogre
  8661 | D:10     | 8661 ||| INVOKING Heal Wounds.
  8760 | D:10     | Found Baqoit's Armour Shoppe.
  8771 | D:10     | Bought a +0 large shield for 67 gold pieces
  8908 | D:10     | Noticed a two-headed ogre
  8909 | D:10     | Noticed Fannar
  8924 | D:10     | 8924 ||| INVOKING Heal Wounds.
  8926 | D:10     | Killed a two-headed ogre
  8926 | D:10     | Reached skill level 6 in Armour
  8960 | D:10     | 8960 ||| INVOKING Heal Wounds.
  9005 | D:10     | 9005 ||| INVOKING Heal Wounds.
  9012 | D:10     | 9012 ||| INVOKING Heal Wounds.
  9014 | D:10     | Killed Fannar
  9024 | D:10     | Found a staircase to the Lair.
  9096 | D:10     | 9096 ||| UPGRADING to +0 large shield.
  9106 | D:10     | 9106 ||| DROPPING +0 shield.
  9107 | D:10     | 9107 ||| UPGRADING to runed hat.
  9117 | D:10     | 9117 ||| UPGRADING to +2 helmet.
  9127 | D:10     | 9127 ||| DROPPING +2 hat.
  9128 | D:10     | 9128 ||| UPGRADING to silver ring.
  9129 | D:10     | 9129 ||| DRINKING 3 bubbling pink potions.
  9130 | D:10     | 9130 ||| DROPPING 2 potions of degeneration.
  9154 | D:11     | 9154 ||| STAIRDANCE
  9187 | D:11     | 9187 ||| STAIRDANCE
  9234 | D:11     | Noticed Sonja
  9264 | D:11     | 9264 ||| INVOKING Heal Wounds.
  9356 | D:11     | 9356 ||| INVOKING Heal Wounds.
  9442 | D:11     | Reached skill level 9 in Invocations
  9456 | D:11     | Quit the game

Vault maps used:
D:1:      scummos_arrival_gate, minmay_pentomino_o2
D:2:      cheibrodos_greedy_goblins, yredelemnul_forgotten_temple_becter,
          chequers_temple_overflow_statue_of_worship,
          nicolae_overflow_crystal_walls, tso_metal_star, serial_bayou_pond_d,
          minivault_11, minivault_19, minmay_misc_feat_cross, solitary_fountain,
          solitary_fountain, dk_noncrumbling_3
D:3:      minmay_three_crescents, uniq_terence
D:4:      overflow_temple_1_default, kiku_gazebo_pond_becter, first_bread,
          uniq_ijyb
D:5:      uniq_blork_the_orc, uniq_sigmund
D:6:      hangedman_cross_stitches, serial_shops, shop
D:7:      lemuel_doored_altar, minmay_temple_entry_overgrown, grunt_livestock,
          nicolae_qazlal_general_emergency
D:8:      lemuel_bear_cage, slow_altar_1, old_standard_altar
D:9:      lemuel_round_altar, eat_drink_and_be_merry_uskayaw, uniq_psyche,
          uniq_gastronok, uniq_grum
D:10:     david_lair_shrubbed, serial_shops, shop_fountains, uniq_fannar
D:11:     minmay_crystal_room, uniq_sonja
Temple:   dpeg_chambers_temple

Skill      XL: |  1  2  3  4  5  6  7  8  9 10 11 |
---------------+----------------------------------+-----
Axes           | 3 4 6 7 8 10 12 13 | 13.5
Dodging        | 1 2 3 4 |  4.0
Shields        | 5 6 7 8 |  8.9
Fighting       | 3 4 5 6 |  6.0
Invocations    | 4 5 9 |  9.0
Armour         | 4 7 |  7.1

Action                   |  1- 3 |  4- 6 |  7- 9 | 10-12 || total
-------------------------+-------+-------+-------+-------++-------
Melee: War axe           |   121 |   108 |   413 |   655 ||  1297
Throw: Javelin           |       |    27 |     7 |       ||    34
       Tomahawk          |       |       |    65 |    45 ||   110
 Abil: Heal Wounds       |       |     3 |    13 |    27 ||    43
  Use: Scroll            |     1 |     8 |    10 |     3 ||    22
       Potion            |       |     2 |     1 |     3 ||     6
  Eat: Chunk             |     2 |     5 |    12 |     8 ||    27
       Royal jelly       |       |       |     1 |       ||     1
Armor: Scale mail        |    54 |    10 |   114 |    95 ||   273
       Ring mail         |       |    13 |       |       ||    13
       Plate armour      |       |       |       |   396 ||   396
Dodge: Dodged            |    42 |    22 |   102 |   215 ||   381
Block: Shield            |    53 |    42 |   163 |   217 ||   475
       Large shield      |       |       |       |   284 ||   284
